 Dungeon Crawl Stone Soup version 0.23.2-30-g0e89c35649 (webtiles) character file.

Game seed: 16930852888961441914

2266 Ceapi the Vandal (level 9, -6/75 HPs)
             Began as a Hill Orc Berserker on June 6, 2019.
             Was an Elder of Trog.
             Mangled by an orc warrior
             ... wielding a +0 flail
              (11 damage)
             ... on level 6 of the Dungeon.
             The game lasted 00:47:48 (8479 turns).

Ceapi the Vandal (Hill Orc Berserker)               Turns: 8479, Time: 00:47:49

Health: -6/75      AC:  8    Str: 23    XL:     9   Next: 38%
Magic:  9/9        EV: 12    Int:  7    God:    Trog [****..]
Gold:   285        SH:  0    Dex: 10    Spells: 8/8 levels left

rFire    . . .     SeeInvis .   n - +2 quarterstaff (chaos)
rCold    . . .     Gourm    .   (shield currently unavailable)
rNeg     . . .     Faith    .   w - +0 ring mail
rPois    .         Spirit   .   (no helmet)
rElec    .         Reflect  .   p - +0 cloak
rCorr    .         Harm     .   (no gloves)
MR       +++..                  h - +0 pair of boots
Stlth    +.........             (no amulet)
HPRegen  1.22/turn              I - ring of protection from magic
MPRegen  0.11/turn              F - +2 ring of slaying

@: regenerating
A: no striking features
a: Berserk, Trog's Hand, Brothers in Arms, Renounce Religion


You were on level 6 of the Dungeon.
You worshipped Trog.
Trog was greatly pleased with you.
You were not hungry.

You visited 1 branch of the dungeon, and saw 7 of its levels.

You collected 285 gold pieces.

Inventory:

Hand Weapons
 d - a +0 mace of crushing
 m - a +0 hunting sling
 n - a +2 quarterstaff of chaos (weapon)
Missiles
 c - 11 sling bullets
 g - 280 stones (quivered)
Armour
 h - a +0 pair of boots (worn)
 p - a +0 cloak (worn)
 w - a +0 ring mail (worn)
Jewellery
 E - an uncursed ring of poison resistance
 F - a +2 ring of slaying (right hand)
 I - a ring of protection from magic (left hand)
Wands
 v - a wand of flame (14)
 y - a wand of acid (8)
 B - a wand of iceblast (8)
Scrolls
 a - a scroll of enchant armour {unknown}
 b - a scroll of teleportation {unknown}
 f - 7 scrolls of remove curse
 i - 2 scrolls of immolation
 j - a scroll of identify
 k - 2 scrolls of random uselessness {unknown}
 q - a scroll of noise {unknown}
 u - a scroll of fear {unknown}
 x - a scroll of blinking
 z - a scroll of enchant weapon {unknown}
Potions
 e - 5 potions of curing
 l - 2 potions of mutation
 o - 2 potions of heal wounds {unknown}
 r - a potion of degeneration
 s - a potion of haste {unknown}
 t - a potion of berserk rage {unknown}
 A - a potion of might {unknown}
 D - 2 potions of flight {unknown}
 H - a potion of brilliance {unknown}
Comestibles
 C - 7 rations


   Skills:
 - Level 6.0 Fighting
   Level 5.3 Axes
 + Level 5.3 Staves
 + Level 6.1(6.2) Slings
 + Level 1.3(4.1) Throwing
 + Level 5.2 Armour
 + Level 3.2 Dodging
 + Level 2.0 Stealth
 + Level 0.1 Evocations


You had 8 spell levels left.
You didn't know any spells.
Your spell library was empty.

Dungeon Overview and Level Annotations

Branches:
Dungeon (7/15)             Temple (0/1) D:4

Altars:
Dithmenos
Nemelex Xobeh
Qazlal
Yredelemnul
Zin


Message History

The orc hits you.
* * * LOW HITPOINT WARNING * * *
The howler monkey hits you but does no damage.
The orc warrior barely misses you.
You closely miss the howler monkey. The howler monkey barely misses you.
The howler monkey hits you.
* * * LOW HITPOINT WARNING * * *
The orc closely misses you.
The howler monkey hits you but does no damage.
You barely miss the howler monkey.
The howler monkey hoots and howls with incredible vigour!
The orc warrior barely misses you. The orc misses you.
The howler monkey hits you but does no damage.
The howler monkey hits you.
* * * LOW HITPOINT WARNING * * *
You sock the howler monkey!
The howler monkey suddenly stops moving!
The howler monkey is severely wounded.
The orc warrior hits you with a +0 flail!
You die...

#..............#.##.#.#..........
[.#..##...........#..............
..#...#..............###.........
..#.................## #......[..
.......รท............##
#....#.[#. ....#................#
#....#.[##
....##........###....###....#..[#
.).).)......#....h..............#
.....#.)....#..h@..........)...#.
.....##.........oo.......#.......
......#...#..........#.###.......
..........#.........##...........
##.##.....................#...#..
##..#...#...#...#.........#..##..
#......###..#..##............###.
....(.###...#..####..........#...
.......###.....#.#.......#.......


You could see an orc warrior, 2 howler monkeys and an orc.

Vanquished Creatures
  Pikel (D:5)
  Grinder (D:5)
  Duvessa (D:5)
  An orc warrior (D:6)
  2 sky beasts (D:6)
  A slave (D:5)
  2 bullfrogs
  Dowan (D:5)
  A scorpion (D:5)
  A water moccasin skeleton (D:4)
  A howler monkey (D:5)
  2 crimson imps
  A centaur zombie (D:6)
  Crazy Yiuf (D:2)
  4 orc priests
  A gnoll shaman (D:6)
  3 iguanas
  Ijyb (D:3)
  7 orc wizards
  3 worker ants
  A killer bee zombie (D:6)
  A hound zombie (D:5)
  2 hound skeletons
  8 gnolls (D:6)
  7 adders
  An adder zombie (D:6)
  3 worms
  3 dart slugs (D:1)
  3 leopard geckos
  16 orcs
  A ball python (D:6)
  4 bats
  5 goblins
  14 hobgoblins
  8 jackals
  2 quokkas
  7 frilled lizards
  A giant cockroach zombie (D:5)
  A jackal skeleton (D:6)
  A jackal zombie (D:6)
  9 kobolds
  8 rats
142 creatures vanquished.

Vanquished Creatures (others)
  An orc priest (D:5)
  A gnoll (D:6)
  2 jackals (D:5)
4 creatures vanquished.

Grand Total: 146 creatures vanquished

Notes
Turn   | Place    | Note
-------+----------+-------------------------------------------
     0 | D:1      | Ceapi the Hill Orc Berserker began the quest for the Orb.
     0 | D:1      | Reached XP level 1. HP: 19/19 MP: 1/1
    21 | D:1      | Reached XP level 2. HP: 18/27 MP: 2/2
   631 | D:1      | Reached XP level 3. HP: 33/33 MP: 3/3
   653 | D:1      | Reached ** piety under Trog
  1349 | D:2      | Reached skill level 5 in Axes
  1627 | D:2      | Reached XP level 4. HP: 40/40 MP: 4/4
  1687 | D:2      | Found a basalt altar of Yredelemnul.
  1747 | D:2      | Found a runed translucent door.
  1748 | D:2      | Noticed Crazy Yiuf
  1760 | D:2      | Killed Crazy Yiuf
  1760 | D:2      | Reached skill level 1 in Stealth
  2111 | D:2      | Reached skill level 1 in Throwing
  2895 | D:3      | Noticed Ijyb
  2902 | D:3      | Killed Ijyb
  2902 | D:3      | Reached XP level 5. HP: 40/46 MP: 5/5
  3245 | D:3      | Found a stormy altar of Qazlal.
  3250 | D:3      | Reached skill level 1 in Slings
  3336 | D:3      | Found a glowing silver altar of Zin.
  3485 | D:3      | Reached *** piety under Trog
  4026 | D:4      | Found a staircase to the Ecumenical Temple.
  4087 | D:4      | Found a sparkling altar of Nemelex Xobeh.
  4095 | D:4      | Reached skill level 1 in Staves
  4095 | D:4      | Reached XP level 6. HP: 45/53 MP: 6/6
  6046 | D:5      | Entered Level 5 of the Dungeon
  6060 | D:5      | Reached XP level 7. HP: 57/60 MP: 7/7
  6225 | D:5      | Noticed Pikel
  6242 | D:5      | Killed Pikel
  6242 | D:5      | Reached skill level 5 in Fighting
  6242 | D:5      | Reached XP level 8. HP: 69/69 MP: 8/8
  6273 | D:5      | Noticed Grinder
  6292 | D:5      | Killed Grinder
  6665 | D:5      | Noticed Duvessa
  6667 | D:5      | Noticed Dowan
  6684 | D:5      | Killed Duvessa
  6686 | D:5      | Killed Dowan
  6882 | D:5      | Found a shadowy altar of Dithmenos.
  7288 | D:6      | Reached skill level 5 in Slings
  7383 | D:6      | Reached XP level 9. HP: 75/75 MP: 9/9
  7449 | D:6      | Reached skill level 5 in Staves
  7594 | D:6      | Reached **** piety under Trog
  7995 | D:6      | Reached skill level 5 in Armour
  8355 | D:7      | Noticed a red ugly thing
  8479 | D:6      | Mangled by an orc warrior

Skill      XL: |  1  2  3  4  5  6  7  8  9 |
---------------+----------------------------+-----
Fighting       | 4 5 6 |  6.0
Axes           | 5 |  5.3
Stealth        | 1 2 |  2.0
Throwing       | 1 |  1.3
Dodging        | 2 3 |  3.2
Slings         | 1 2 4 5 6 |  6.1
Staves         | 1 2 3 4 5 |  5.3
Armour         | 3 4 5 |  5.2
Evocations     | |  0.1

Action                   |  1- 3 |  4- 6 |  7- 9 || total
-------------------------+-------+-------+-------++-------
Melee: Hand axe          |    90 |     8 |       ||    98
       Quarterstaff      |       |    86 |   148 ||   234
       Hunting sling     |       |     1 |       ||     1
 Fire: Hunting sling     |       |    77 |   101 ||   178
Throw: Stone             |    63 |     9 |       ||    72
Invok: Berserk           |     1 |     3 |     6 ||    10
       Trog's Hand       |       |       |     3 ||     3
Evoke: Wand              |       |       |     2 ||     2
  Use: Potion            |     2 |     1 |       ||     3
       Scroll            |       |     2 |     2 ||     4
 Stab: Petrifying        |       |     1 |       ||     1
       Paralysed         |       |       |     3 ||     3
  Eat: Chunk             |     3 |     7 |    11 ||    21
       Ration            |       |     3 |     1 ||     4
Armor: Animal skin       |    11 |       |       ||    11
       Leather armour    |     8 |     7 |       ||    15
       Ring mail         |       |    23 |    87 ||   110
Dodge: Dodged            |    67 |    45 |    94 ||   206
